 Dungeon Crawl Stone Soup version 0.31.0-32-g396128a36d (webtiles) character file.

Game seed: 10093552264767901163

152 Silvore the Covered (level 5, -2/47 HPs)
             Began as a Minotaur Fighter on Mar 20, 2024.
             Succumbed to a gnoll's poison
             ... on level 3 of the Dungeon.
             The game lasted 00:03:31 (1898 turns).

Silvore the Covered (Minotaur Fighter)              Turns: 1898, Time: 00:03:32

Health: -2/47      AC:  7    Str: 22    XL:     5   Next: 11%
Magic:  4/4        EV:  9    Int:  5    God:
Gold:   165        SH:  8    Dex: 10    Spells: 4/4 levels left

rFire   . . .        a - +0 flail
rCold   . . .        m - +0 kite shield
rNeg    . . .        b - +0 scale mail
rPois   .            (helmet restricted)
rElec   .            (no cloak)
rCorr   .            (no gloves)
SInv    +            (no boots)
Will    .....        (no amulet) Stlth
                     o - ring of see invisible
HPRegen 0.27/turn    (no ring)
MPRegen 0.09/turn

%: no passive effects
@: lethally poisoned (-2 -> -12), hasted, very quick
A: horns 2, retaliatory headbutt
a: no special abilities


You were on level 3 of the Dungeon.
You visited 1 branch of the dungeon, and saw 3 of its levels.

You collected 165 gold pieces.

Inventory:

Hand Weapons
 a - a +0 flail (weapon)
Armour
 b - a +0 scale mail (worn)
 c - a +0 buckler
 m - a +0 kite shield (worn)
Jewellery
 h - a ring of protection from cold
 j - an amulet of magic regeneration
 o - a ring of see invisible (left hand)
Scrolls
 e - 2 scrolls of teleportation {unknown}
 f - 4 scrolls of identify {unknown}
 g - a scroll of revelation {unknown}
 i - 2 scrolls of fog {unknown}
 k - a scroll of enchant armour {unknown}
 n - a scroll of blinking {unknown}
Potions
 d - 2 potions of might
 l - 2 potions of haste
 p - a potion of berserk rage {unknown}
 q - 2 potions of heal wounds {unknown}
 r - a potion of degeneration {unknown}


   Skills:
 + Level 4.5 Fighting
 + Level 4.1 Maces & Flails
 + Level 4.9 Armour
 + Level 1.2 Dodging
 + Level 4.1 Shields


You had 4 spell levels left.
You didn't know any spells.
Your spell library contained the following spells:

 Spells                   Type           Power      Damage    Failure   Level
 Kiss of Death            Conj/Necr      0%         2d5       96%         1
 Shock                    Conj/Air       0%         1d3       96%         1
 Confusing Touch          Hex            0%         N/A       100%        3
 Swiftness                Air            0%         N/A       100%        3
 Airstrike                Air            0%         2d(0-16)  100%        4
 Dispel Undead            Necr           0%         3d6       100%        4


Dungeon Overview and Level Annotations

Branches:
Dungeon (3/15)

Altars:
Ru

Shops:
D:1 !   D:2 (


Innate Abilities, Weirdness & Mutations

You have a pair of horns on your head.
You reflexively headbutt those who attack you in melee.


Message History

The gnoll is severely wounded.
You feel sick. The gnoll hits you but does no damage.
You block the gnoll's attack.
You hit the gnoll.
You kill the gnoll!
You feel sick.
The gnoll hits you from afar with a +1 spear of venom.
Your Maces & Flails skill increases to level 4!
You have reached level 5!
You feel sick. You block the gnoll's attack.
Things that are here:
a +0 whip; a gnoll corpse You hit the gnoll but do no damage.
You feel sick. The gnoll closely misses you. You block the gnoll's attack.
You barely miss the gnoll.
You feel sick. The gnoll closely misses you. You furiously retaliate!
You headbutt the gnoll. You barely miss the gnoll.
The gnoll is heavily wounded.
You feel sick.
You are no longer poisoned.
The gnoll barely misses you. You furiously retaliate!
You headbutt the gnoll. You barely miss the gnoll.
The gnoll is almost dead.
The gnoll hits you with a +1 spear of venom.
* * * LOW HITPOINT WARNING * * *
You block the gnoll's attack.
You barely miss the gnoll.
The gnoll is almost dead.
The gnoll hits you with a +1 spear of venom.
* * * LOW HITPOINT WARNING * * *
You are lethally poisoned!
You thump the gnoll!
You kill the gnoll!
* * * LOW HITPOINT WARNING * * *
You feel very sick. The goblin closely misses you.
Your Shields skill increases to level 4!
Unknown command.
It was a potion of haste.
You feel yourself speed up.
You die...

.#
#####.#####....###
.# #... #..#...#
.# ###.###....#.#
.# .#....#.# # .#
##.###.# .# #.#
#.# # .# #.#
#.###.# .#
#.###l....# .#
#..@ggw...# .##
######....# <.#
....... ..#
....... ..#
####... ..# ...
..# .. ###


You could see a gnoll, a dart slug, a goblin and a frilled lizard.

Vanquished Creatures
  Terence (D:2)
  2 gnolls (D:3)
  3 adders
  5 dart slugs
  5 bats
  9 endoplasms
  3 giant cockroaches
  4 hobgoblins
  4 jackals (D:1)
  4 quokkas
  5 ball pythons
  3 frilled lizards (D:2)
  10 goblins
  4 kobolds
  6 rats
68 creatures vanquished.

Notes
Turn   | Place    | Note
-------+----------+-------------------------------------------
     0 | D:1      | Silvore the Minotaur Fighter began the quest for the Orb.
     0 | D:1      | Reached XP level 1. HP: 19/19 MP: 0/0
   197 | D:1      | Reached XP level 2. HP: 27/27 MP: 1/1
   338 | D:1      | Reached XP level 3. HP: 32/33 MP: 2/2
   482 | D:1      | Found Nomea's Distillery.
   795 | D:2      | Found a faded altar of an unknown god.
   813 | D:2      | Noticed Terence
   815 | D:2      | Found Len Lyck's Antique Weapon Emporium.
   819 | D:2      | Killed Terence
   820 | D:2      | Reached skill level 1 in Dodging
   820 | D:2      | Reached XP level 4. HP: 24/40 MP: 3/3
  1708 | D:3      | Found a sacrificial altar of Ru.
  1891 | D:3      | Reached XP level 5. HP: 16/47 MP: 4/4
  1897 | D:3      | HP: 1/47 [poisoned by a gnoll]
  1898 | D:3      | Succumbed to a gnoll's poison

Illustrated notes

Levels and vault maps discovered:
D:1:      lightli_arrival_boilingwater, layout_loops_ring, serial_shops, shop,
          amcnicky_mini_pool_small
D:2:      minmay_inner_zag, layout_loops_ring, serial_shops, shop,
          dreamdust_ecumenical_altar_hidden_monk_grotto,
          minmay_fractal_squares_gapless_5, uniq_terence
D:3:      layout_basic, mainiacjoe_overflow_cross_hatched,
          kennysheep_orc_sif_temple, minmay_misc_feat_pillars

Skill      XL: |  1  2  3  4  5 |
---------------+----------------+-----
Armour         | 4 |  4.9
Fighting       | 4 |  4.5
Maces & Flails | 3 4 |  4.1
Dodging        | 1 |  1.2
Shields        | 4 |  4.1

Action                     |  1- 3 |  4- 6 || total
---------------------------+-------+-------++-------
  Melee: Flail             |    85 |    62 ||   147
         Headbutt          |    13 |     5 ||    18
    Use: Potion            |       |     1 ||     1
 Armour: Scale mail        |    54 |    43 ||    97
  Dodge: Dodged            |    32 |    32 ||    64
  Block: Buckler           |    24 |     6 ||    30
         Kite shield       |       |    28 ||    28
